AoeStats
← MIGEL TECHEIROS

Arena

505973287Analyzed
4v4 RM · 19d ago on Sep 11, 2026· 43m 7s· 8 players
Game mode
Random Map
Map size
Large (8 player)
Population
200
Speed
Normal
Resources
Standard
Victory
Conquest
Starting age
Dark Age
Ending age
Imperial Age
RankedLock teamsTeams togetherTeam positionsShared explorationLock speedFull tech treeHidden civsTurbo modeCheats
Victory
Defeat
🇸🇰 Bohemians · Slovakia
1118
+15
🇸🇰 Slavs · Slovakia
1110
+15
🇸🇰 Britons · Slovakia
1056
+17
🇸🇰 Franks · Slovakia
1029
+18
🇦🇷 Japanese · Argentina
1100
-17
🇺🇸 Hindustanis · United States
1084
-16
🇳🇱 Persians · Netherlands
1078
-16
🇺🇸 Franks · United States
1076
-16
mattmcneil9
0:26 Loom
10:33 Feudal Age
15:13 Castle Age
14:45 Double-Bit Axe
15:37 Wheelbarrow
14:48 Town Watch
16:13 Bow Saw
27:30 Hand Cart
30:13 Scale Barding Armor
30:19 Forging
33:06 Imperial Age
30:56 Gold Mining
30:57 Stone Mining
31:29 #83
31:43 Chain Barding Armor
32:12 Gold Shaft Mining
33:07 Scale Mail Armor
33:56 Iron Casting
33:10 Elite Throwing Axeman
34:28 Hoardings
34:30 Chain Mail Armor
34:48 Conscription
34:07 Cavalier
35:38 Husbandry
36:24 Plate Barding Armor
37:41 Chivalry
40:07 Blast Furnace
39:38 Plate Mail Armor
[JB]zhenghui9900
10:37 Feudal Age
14:50 Castle Age
13:11 Double-Bit Axe
14:30 Horse Collar
16:04 Bow Saw
17:32 Loom
22:13 Wheelbarrow
27:43 Imperial Age
25:43 Gold Mining
26:00 Scale Barding Armor
26:06 Forging
27:19 Hand Cart
28:47 Gold Shaft Mining
29:50 Chemistry
29:39 Chain Barding Armor
29:56 Iron Casting
30:03 Bloodlines
31:08 Conscription
30:55 Heavy Camel Rider
31:36 Husbandry
33:13 Grand Trunk Road
33:54 Padded Archer Armor
33:41 Light Cavalry
34:19 Stone Mining
34:02 Imperial Camel Rider
40:09 Plate Barding Armor
40:35 Blast Furnace
41:29 Hussar
42:50 Leather Archer Armor
Serthirius
10:23 Feudal Age
14:25 Castle Age
12:22 Double-Bit Axe
12:36 Horse Collar
24:08 Wheelbarrow
24:17 Loom
24:49 Bow Saw
24:54 Heavy Plow
26:08 Hand Cart
25:48 Gold Mining
25:50 Stone Mining
26:40 Forging
26:36 Scale Barding Armor
30:30 Imperial Age
27:58 Fletching
29:18 Iron Casting
29:04 Chain Barding Armor
30:23 Town Watch
31:03 Town Patrol
32:08 Blast Furnace
31:44 Plate Barding Armor
31:05 Bodkin Arrow
32:18 Conscription
31:28 Cavalier
32:09 Husbandry
32:23 Bloodlines
33:24 Crop Rotation
33:57 Two-Man Saw
32:44 Savar
34:26 Padded Archer Armor
39:48 Gold Shaft Mining
39:55 Citadels
Macanaky Industrial
10:44 Feudal Age
15:01 Castle Age
13:29 Stone Mining
13:27 Double-Bit Axe
14:28 Horse Collar
16:21 Bow Saw
16:17 Loom
22:29 Gold Mining
23:26 Squires
23:13 Gambesons
25:43 Scale Mail Armor
26:53 Forging
27:07 Town Watch
29:56 Chain Mail Armor
30:17 Iron Casting
30:56 Wheelbarrow
33:51 Imperial Age
32:31 Hand Cart
32:28 Yasama
32:43 Fletching
33:55 Bodkin Arrow
34:59 Conscription
34:02 Elite Samurai
35:03 Conscription
34:26 Onager
35:54 Kataparuto
38:48 Arson
39:49 Elite Skirmisher
40:44 Padded Archer Armor
40:56 Thumb Ring
40:59 Siege Engineers
41:20 Ballistics
MIGEL TECHEIROS
11:29 Feudal Age
15:30 Castle Age
13:42 Double-Bit Axe
16:25 Loom
25:31 Bow Saw
27:01 Husbandry
30:08 Imperial Age
27:12 Pikeman
27:53 Squires
30:26 Cavalier
31:58 Paladin
35:30 Forging
35:21 Scale Mail Armor
35:27 Scale Barding Armor
35:13 Fletching
35:24 Padded Archer Armor
37:07 Iron Casting
36:47 Halberdier
SkalloSVK
11:02 Feudal Age
14:46 Castle Age
12:37 Double-Bit Axe
13:12 Horse Collar
15:16 Loom
21:47 Bow Saw
24:16 Wheelbarrow
23:49 Heavy Plow
25:24 Hand Cart
29:20 Imperial Age
27:42 Town Watch
28:30 Scale Mail Armor
28:20 Fletching
29:01 Squires
29:13 Forging
28:25 Pikeman
29:59 Bodkin Arrow
31:45 Chemistry
32:14 Bracer
33:52 Ballistics
34:51 Conscription
36:06 Chain Mail Armor
35:14 Halberdier
38:08 Siege Engineers
38:54 Fortified Wall
41:32 Padded Archer Armor
42:08 Houfnice
phesant_SK
10:27 Feudal Age
14:33 Castle Age
12:47 Double-Bit Axe
13:23 Horse Collar
17:28 Bow Saw
18:30 Loom
24:05 Gold Mining
24:40 Heavy Plow
26:32 Stone Mining
29:36 Imperial Age
27:47 Wheelbarrow
26:59 Town Watch
27:26 Scale Barding Armor
28:49 Gold Shaft Mining
29:40 Chain Barding Armor
29:32 Forging
29:12 Fletching
31:04 Plate Barding Armor
31:26 Bloodlines
31:16 Husbandry
30:37 Cavalier
32:34 Conscription
33:38 Iron Casting
34:21 Pikeman
35:03 Squires
35:46 Scale Mail Armor
36:47 Blast Furnace
36:02 Halberdier
37:40 Chain Mail Armor
38:37 Elite Boyar
kosspavol222
11:25 Feudal Age
15:42 Castle Age
14:36 Horse Collar
16:45 Double-Bit Axe
23:16 Wheelbarrow
22:28 Loom
24:49 Town Watch
24:57 Fletching
25:09 Padded Archer Armor
25:57 Heavy Plow
26:13 Bow Saw
26:10 Bodkin Arrow
26:15 Pikeman
28:24 Scale Mail Armor
32:55 Imperial Age
30:41 Hand Cart
30:29 Town Patrol
31:16 Leather Archer Armor
31:13 Forging
32:37 Chain Mail Armor
33:18 Elite Longbowman
34:19 Conscription
34:27 Warwolf
35:08 Ring Archer Armor
34:39 Bracer
35:15 Iron Casting
35:17 Halberdier
38:20 Ballistics
39:02 Chemistry
Connection lost

Rejoining the realm…

Still unreachable

The connection could not be restored.

Session expired

The server has moved on; the page needs a fresh start.